Map: New Gettysburg LE

Players

Gracz

  • Race: Terran Terran
  • League: Silver

Skud - Winner!

  • Race: Zerg Zerg
  • League: Silver

VOD

Have the link to the VOD?

Description

Time

  • Played on: Oct. 22, 2016, 3:58 p.m.
  • Length: 10:18
Show
View Real Time Build Order
Export as new Build Order

Gracz Terran 

Build Orders: 1/1/1, Cyclone Opening, MMM Bio 

Get SALT Encoding   

  12  0:17  Supply Depot  
  12  0:19  SCV  
  13  0:27  Refinery  
  13  0:31  SCV  
  14  0:44  Barracks  
  14  0:46  SCV  
  15  1:00  Refinery, SCV  
  16  1:13  SCV  
  16  1:15  Supply Depot  
  18  1:25  SCV  
  18  1:35  Factory  
  18  1:50  Barracks Tech Lab, SCV  
  19  2:02  SCV  
  19  2:05  Barracks  
  20  2:23  Starport, Factory Tech Lab  
  20  2:30  Orbital Command  
  20  2:39  Marauder  
  22  2:48  Cyclone  
  26  2:58  SCV  
  27  3:10  SCV  
  27  3:11  Barracks Reactor  
  28  3:14  Factory  
  28  3:30  Starport Reactor  
  28  3:39  Stimpack  
  28  4:03  Factory Tech Lab  
  28  4:15  Supply Depot  
  28  4:17  Supply Depot  
  28  4:20  Supply Depot  
  28  4:22  Supply Depot  
  28  4:27  Marine x2  
  30  4:37  Cyclone, Marauder  
  36  4:38  Cyclone  
  36  4:44  Marine  
  36  4:45  Marine  
  42  4:50  Medivac  
  44  4:58  Marauder  
  46  5:02  Marine x2  
  48  5:20  Marine x2, Marauder  
  52  5:26  Mag-Field Accelerator  
  52  5:38  Marine x2  
  52  5:39  Unknown, Command Center  
  52  5:41  Marauder  
  56  5:43  Medivac  
  58  5:54  Combat Shields  
  36  6:16  Cyclone  
  36  6:45  Cyclone  
  36  6:46  Marine x2  
  42  6:47  Marauder  
  42  6:50  Unknown  
  42  6:52  Supply Depot  
  44  6:54  Widow Mine  
  44  6:59  Refinery  
  46  7:03  Orbital Command  
  46  7:09  Marauder  
  48  7:17  Cyclone  
  48  7:20  Marine x2  
  54  7:27  SCV  
  55  7:30  SCV  
  56  7:37  Marine  
  56  7:38  Marine  
  56  7:39  SCV  
  59  7:59  Marine  
  59  8:00  Marine  
  59  8:02  Marauder  
  59  8:05  Cyclone x2  
  71  8:06  Medivac  
  73  8:17  Marine x2  
  75  8:24  Marauder  
  47  8:34  Orbital Command  
  47  8:35  Liberator  
  43  8:45  Marauder  
  43  8:47  Cyclone  
  43  8:48  Cyclone  
  56  9:02  SCV  
  57  9:03  SCV  
  58  9:14  SCV  
  58  9:15  SCV  
  60  9:19  Supply Depot  
  60  9:22  Supply Depot  
  40  9:56  Marine  
  40  9:57  Marine  
Show
View Real Time Build Order
Export as new Build Order

Skud Zerg - Winner!

Build Orders: Hatch First, Muta Ling Bane 

Get SALT Encoding   

  12  0:05  Drone  
  13  0:10  Drone  
  14  0:22  Overlord  
  14  0:40  Drone  
  14  0:42  Drone  
  16  0:43  Drone  
  17  0:57  Unknown, Hatchery  
  17  1:03  Drone  
  17  1:15  Spawning Pool  
  17  1:16  Drone  
  17  1:26  Drone x2  
  19  1:35  Drone  
  20  1:42  Extractor  
  20  1:46  Drone  
  20  2:02  Extractor  
  20  2:04  Queen  
  21  2:08  Unknown  
  21  2:15  Drone x3  
  24  2:16  Queen  
  24  2:19  Overlord  
  26  2:25  Drone  
  28  2:30  Drone  
  28  2:41  Drone  
  29  2:49  Roach Warren  
  28  2:52  Drone x3  
  31  3:05  Drone x3  
  34  3:31  Overlord x2  
  34  3:32  Overlord x3  
  34  3:34  Overlord  
  34  3:38  Extractor  
  34  3:41  Extractor  
  32  3:51  Baneling Nest  
  31  3:56  Metabolic Boost  
  31  4:00  Roach  
  31  4:01  Roach x8  
  49  4:09  Drone x3  
  52  4:26  Drone x3  
  52  4:30  Queen  
  57  4:34  Drone x2  
  59  4:43  Lair  
  59  4:49  Drone x2  
  59  4:50  Drone x2  
  59  4:52  Drone  
  64  4:54  Drone  
  64  4:57  Drone  
  66  5:10  Roach x2  
  66  5:11  Roach  
  72  5:18  Overlord  
  72  5:19  Overlord x2  
  72  5:35  Drone  
  72  5:36  Drone x2  
  72  5:37  Roach  
  72  5:38  Roach  
  79  5:47  Glial Reconstitution  
  79  5:48  Centrifical Hooks  
  79  5:54  Zergling x12  
  77  6:40  Roach  
  77  6:41  Roach x13  
  105  7:06  Zergling x6  
  105  7:07  Overlord  
  108  7:09  Overseer  
  108  7:12  Overseer  
  108  7:17  Baneling x4  
  108  7:18  Baneling x5  
  108  7:19  Baneling x3  
  108  7:24  Overlord x2  
  108  7:25  Overlord x3  
  108  7:34  Infestation Pit  
  108  7:36  Spire  
  106  7:48  Zergling x16  
  114  7:51  Unknown, Hatchery  
  113  8:12  Zergling x10  
  104  8:54  Baneling x4  
  104  8:55  Baneling x5  
  104  8:56  Baneling x4  
  104  8:57  Mutalisk  
  104  8:58  Mutalisk x5  
  116  9:03  Unknown  
  109  9:37  Ravager x6  
  109  9:38  Ravager x2  
Tags
 
Add a new tag
Caveats
  • Supply blocks, unpowered buildings, or Contaminate may cause inaccurate times.
  • Supply counts are checked every 10 seconds.